Unix xNetHack Version 8.0.0 - last build Jan 15 2024 03:47:00 (be4d3c81716514284228e1a23197c27ddb32b841). Game began 2024-01-26 10:00:52, ended 2024-01-26 16:41:14. UmberConductor, lawful male human Monk ---- |..| ----------+----- ----- ----- |.^.####(@G#..........~....|## #|...| ...^| ---- |......(.|.....| ## ------ #|.<..( |...| |..............+# # |.....| #....|# ###+...| ----|-----------# #######......| #|...|#### # |.{.| # #|.....| #|.).| ###### ---.- # ##|.....| #|[..| )# # # ##......| #--+-- ### # # +---.- ## # # ## # # # ### ### # # #### # ## # ### # ### #### # # -----------.--- ### # ####### ## # ## ( |.............+ ############ ##### ##### # ---.------ |.............| #-------# ---.---.---# ##|.......{| |..............#######|.....|# |..........# #|........| --------------- #|......# |...(...).|# #-...|....| #......| |.........+# |...>....| ------- --------.-- ---------- # UmberConductor the Student of Stones St:17 Dx:18 Co:17 In:12 Wi:18 Ch:8 Lawful S:46158 Dlvl:12 $:0 HP:0(85) Pw:102(102) AC:-5 Xp:10/7076 Fainted Burdened Deaf T:18572 Latest messages: What do you want to zap? [gimPY or ?*] P A gnome suddenly appears next to you! The gnome wields a crossbow! You faint from lack of food. The gnome shoots 2 silver crossbow bolts! You are hit by the 1st silver crossbow bolt! The 2nd silver crossbow bolt misses you. The gnome shoots 2 silver crossbow bolts! You are almost hit by the 1st silver crossbow bolt. The 2nd silver crossbow bolt misses you. The gnome swings his crossbow. The gnome hits! The gnome swings his crossbow. Your mithril dwarvish helm blocks the gnome's attack. The gnome swings his crossbow. The gnome hits! The gnome swings his crossbow. The gnome misses! The gnome swings his crossbow. The gnome hits! The gnome swings his crossbow. The gnome hits! The gnome swings his crossbow. The gnome misses! You regain consciousness. You faint from lack of food. The gnome swings his crossbow. The gnome hits! The gnome swings his crossbow. The gnome misses! The gnome swings his crossbow. The gnome hits! The gnome swings his crossbow. Your pair of dwarvish boots blocks the gnome's attack. The gnome swings his crossbow. The gnome hits! The gnome swings his crossbow. The gnome hits! The gnome swings his crossbow. Your mithril dwarvish helm blocks the gnome's attack. The gnome swings his crossbow. The gnome hits! The gnome swings his crossbow. The gnome hits! The gnome swings his crossbow. The gnome misses! The gnome swings his crossbow. The gnome hits! You die... Do you want to see the dungeon overview? q Inventory: Inventory: 930/900 weight (26/52 slots) Amulets ('"') N - an uncursed mithril amulet of reflection (being worn) {14} Weapons (')') U - an uncursed +0 wooden elven dagger {3} Armor ('[') a - an uncursed fireproof +2 pair of leather gloves (being worn) {8} b - an uncursed +1 robe (being worn) {12} u - a blessed +2 pair of dwarvish boots (being worn) {38} y - an uncursed +0 Hawaiian shirt with an orchid motif (being worn) {4} X - an uncursed +0 mithril dwarvish helm (being worn) {19} Rings ('=') f - an uncursed +2 ring of gain constitution (on left hand) {3} h - an uncursed ring of teleport control {3} t - an uncursed ring of regeneration {3} v - an uncursed ring of protection from shape changers {3} Wands ('/') g - an uncursed wand of make invisible (0:2) {7} i - an uncursed wand of probing (0:4) {7} m - an uncursed wand of teleportation (0:1) {7} P - an uncursed wand of create monster (0:10) {7} Y - an uncursed wand of digging (0:1) {7} Tools ('(') e - the uncursed greased Magic Mirror of Merlin {13} k - an uncursed skeleton key {3} o - an uncursed greased sack containing 57 items {700} s - an uncursed stethoscope {4} w - an uncursed copper magic whistle {3} F - an uncursed magic lamp (lit) {20} K - an uncursed towel {2} O - an uncursed bugle {10} V - an uncursed +0 unicorn horn {20} Gems/Stones ('*') q - an uncursed luckstone {10} Contents of the sack: 3000 gold pieces 10 uncursed +0 gold shuriken an uncursed +0 pair of water walking boots an uncursed +1 mummy wrapping 3 uncursed scrolls of blank paper 2 uncursed scrolls of confuse monster 2 uncursed scrolls of create monster an uncursed scroll of destroy armor an uncursed scroll of earth an uncursed scroll of enchant weapon an uncursed scroll of genocide an uncursed scroll of gold detection 3 uncursed scrolls of magic mapping 3 uncursed scrolls of scare monster a cursed scroll of teleportation 2 uncursed scrolls of water an uncursed spellbook of cure sickness an uncursed potion of acid an uncursed potion of invisibility an uncursed potion of levitation an uncursed potion of object detection an uncursed potion of paralysis an uncursed potion of see invisible an uncursed potion of sleeping 6 uncursed potions of water an uncursed ring of polymorph an uncursed ring of searching an uncursed wand of cancellation (0:4) an uncursed wand of digging (0:5) an uncursed wand of digging (0:2) an uncursed wand of sleep (0:8) an uncursed wand of sleep (0:7) an uncursed wand of sleep (0:0) an uncursed wand of teleportation (0:8) an empty uncursed sack an empty uncursed sack an uncursed can of grease (0:18) an uncursed magic marker (0:99) an uncursed magic marker (0:31) an uncursed oil lamp an uncursed +0 wooden pick-axe an uncursed tallow candle an uncursed black opal 2 uncursed diamonds an uncursed emerald an uncursed jet stone an uncursed sapphire 3 uncursed worthless pieces of black glass 2 uncursed worthless pieces of blue glass 5 uncursed worthless pieces of green glass 6 uncursed worthless pieces of orange glass 3 uncursed worthless pieces of red glass an uncursed worthless piece of violet glass 7 uncursed worthless pieces of white glass 6 uncursed worthless pieces of yellow glass 5 uncursed worthless pieces of yellowish brown glass an uncursed touchstone UmberConductor the Monk's attributes: Background: You were a Student of Stones, a level 10 male human Monk. You were lawful, on a mission for Shan Lai Ching who was opposed by Chih Sung-tzu (neutral) and Huan Ti (chaotic). You were bisexual. You were in the Dungeons of Doom, on level 12. You entered the dungeon 18572 turns ago. There was a full moon in effect when your adventure ended. You had 7076 experience points, 2924 more were needed to attain level 11. Your score was 46158 before end-of-game adjustments. Basics: You had 0 out of 85 hit points. You had all 102 energy points (spell power). Your armor class was -5. Your wallet was empty, but you had 3000 zorkmids stashed away in your pack. Autopickup was on for '$"?+!=/' plus thrown, with exceptions. Final Characteristics: Your strength was 17 (base:18, limit:18/100). Your dexterity was 18 (limit:18). Your constitution was 17 (base:15, limit:18). Your intelligence was 12 (limit:18). Your wisdom was 18 (limit:18). Your charisma was 8 (limit:18). Final Status: You were deaf. You were fainted due to starvation. You were burdened; movement was slightly slowed. You were empty handed. You had master skill with martial arts. Final Attributes: You were piously aligned. You were magic-protected. You were sleep resistant. You were poison resistant. You saw invisible. You were telepathic. You were warned. You had automatic searching. You were stealthy. You had a small defense bonus (+2). You were guarded. You were fast. You had reflection. You were lucky. You had extra luck. Bad luck did not time out for you. Good luck did not time out for you. Shan Lai Ching was angry with you. You are dead (2nd time!). Miscellaneous: You never encountered a bones level. Total elapsed playing time was 6 hours, 40 minutes and 22 seconds. Major events: Turn 1: UmberConductor the lawful male human Monk entered the dungeon 617: attained the rank of Novice (level 3) 1418: entered the Gnomish Mines 1629: attained the rank of Initiate (level 6) 1631: reached Mine Town 4174: entered Sokoban 5901: made his first wish - "blessed fixed greased Magic Mirror of Merlin", got "a greased looking glass named the Magic Mirror of Merlin" 7233: completed 1st Sokoban level 7569: completed 2nd Sokoban level 7805: completed 3rd Sokoban level 9155: completed 4th Sokoban level 9276: acquired the Sokoban amulet of reflection 11268: attained the rank of Student of Stones (level 10) 15444: acquired the Mines' End luckstone 16795: averted death (poisoned by a rotted rothe corpse) 18572: killed by a gnome, while fainted from lack of food Vanquished creatures: a vampire a watch captain 3 giant mimics an orc-captain 2 long worms an ogre tyrant 2 flesh golems 4 earth elementals a hill giant 3 xorns a sergeant 7 small mimics a warhorse 2 xans a quantum mechanic a wood golem 2 gelatinous cubes a pyrolisk a freezing sphere a shocking sphere a large cat 2 gargoyles a dwarf ruler 2 ochre jellies 2 energy vortices a red naga 3 Grey-elves a cobra a carnivorous ape an ettin zombie 2 watchmen 3 chameleons 2 giant beetles 2 quivering blobs 4 cockatrices 2 wolves 4 winter wolf cubs a gremlin a spotted jelly a leprechaun a mountain nymph 5 iron piercers a giant spider a horse 2 black lights 2 vampire bats 2 forest centaurs a gnome ruler 2 orc mummies 5 ogres 2 Green-elves 3 rust monsters 4 owlbears a yeti 3 lizards a dingo a dog 2 housecats a jaguar 3 dwarf leaders 3 water nymphs a black unicorn 3 ravens a gnome mummy 3 Woodland-elves a snake 5 water moccasins 4 apes 4 human zombies 3 soldier ants a fire ant 2 imps a Mordor orc an orc shaman 4 rock piercers 4 rock moles 2 ponies 2 yellow lights 3 violet fungi 16 gnome leaders 3 gnomish wizards 5 kobold mummies an elf zombie 3 ghouls a paper golem 3 giant ants a little dog 4 floating eyes a kitten 13 dwarves 4 rothes 2 centipedes a giant bat a monkey a dwarf zombie a wererat 2 iguanas 6 killer bees an acid blob 5 coyotes a gas spore a hobbit 2 manes a large kobold 3 hobgoblins 3 giant rats 2 cave spiders a brown mold 3 yellow molds 2 green molds a red mold 68 gnomes 2 garter snakes 5 geckos 9 jackals a fox 2 kobolds a goblin 2 sewer rats 7 grid bugs 8 lichens a kobold zombie 9 newts 375 creatures vanquished. No species were genocided or became extinct. Voluntary challenges: You never hit with a wielded weapon. You read items or engraved 43 times. You never genocided any monsters. You never polymorphed an object. You never changed form. You used 1 wish (for an artifact). You never scared an enemy with impunity. You were celibate. You never generated conflict. You did not violate any of the special Sokoban rules. Achievements: You attained the rank of Novice. You entered a shop. You entered the Gnomish Mines. You attained the rank of Initiate. You entered Minetown. You entered a temple. You entered Sokoban. You completed Sokoban. You attained the rank of Student of Stones. You completed the Gnomish Mines. Dungeon overview: The Dungeons of Doom: levels 1 to 16 Level 1: A tree. Level 2: A fountain, a sink, a tree. Level 3: A sink. Level 4: A general store. Stairs down to The Gnomish Mines. Level 5: Level 6: An armor shop. Level 7: Some fountains, a sink. Level 8: A fountain. Level 9: Many fountains. Oracle of Delphi. Level 10: Stairs up to Sokoban, level 9. Level 11: A fountain. Level 12: <- You were here. Some fountains, some graves. Portal to Fort Ludios. Final resting place for you, killed by a gnome, while fainted from lack of food. Level 13: Level 14: A fountain. Level 15: Some fountains. Level 16: A sink, a grave, a tree. Summoned by the Grand Master. Portal to The Quest. The Gnomish Mines: levels 5 to 13 Level 5: Level 6: Level 7: Many shops, a temple, some fountains, some trees. Level 8: Level 9: Level 10: Level 11: Level 12: Level 13: The Quest: Level 1: Some fountains, many trees. Home. Sokoban: levels 9 up to 6 Level 6: Solved. Level 7: Solved. Level 8: Solved. Level 9: Solved. Fort Ludios: Level 1: Game over: __________ / \ / REST \ / IN \ / PEACE \ / \ | UmberConductor | | 3000 Au | | killed by a | | gnome | | | | | | 2024 | *| * * * | * _________)/\\_//(\/(/\)/\//\/|_)_______ Punardarsanaya UmberConductor the Monk... You died in The Dungeons of Doom on dungeon level 12 with 45858 points, and 3000 pieces of gold, after 18572 moves. You were level 10 with a maximum of 85 hit points when you died.